 Dungeon Crawl Stone Soup version 0.20-a0-3-g334f831 (console) character file.

3681 brucemayne the Cleaver (level 9, -2/103 HPs)
             Began as a Demonspawn Berserker on Oct 30, 2016.
             Was a Priest of Trog.
             Slain by a yak (6 damage)
             ... on level 10 of the Dungeon.
             The game lasted 00:13:42 (2805 turns).

brucemayne the Cleaver (Demonspawn Berserker)       Turns: 2805, Time: 00:13:43

Health: -2/103     AC: 10    Str: 26    XL:     9   Next: 90%
Magic:  9/9        EV:  8    Int:  9    God:    Trog [***...]
Gold:   344        SH:  0    Dex: 12    Spells: 0 memorised, 8 levels left

rFire  . . .     SeeInvis .     w - +2 hand axe (venom)
rCold  . . .     Gourm    +     f - +0 plate armour
rNeg   . . .     Faith    .     (no shield)
rPois  .         Spirit   .     (helmet restricted)
rElec  .         Reflect  .     (no cloak)
rCorr  .         Harm     .     (no gloves)
MR     ++...                    (no boots)
Stlth  ..........               r - amulet of the gourmand
                                (no ring)
                                j - ring of stealth

@: berserking (expiring), regenerating, very quick
A: antennae 2, nightstalker 1, sturdy frame 1
a: Berserk, Trog's Hand, Burn Spellbooks, Renounce Religion


You were on level 10 of the Dungeon.
You worshipped Trog.
Trog was most pleased with you.
You were very hungry.

You visited 2 branches of the dungeon, and saw 12 of its levels.
You also visited: Ossuary.

You collected 584 gold pieces.
You spent 240 gold pieces at shops.

Inventory:

Hand Weapons
 a - a +0 hand axe
 t - a +0 blowgun
 w - a +2 hand axe of venom (weapon)
 y - a +4 dagger of distortion
Missiles
 l - 6 curare-tipped needles
 m - 51 poisoned needles
 n - 8 javelins of penetration (quivered)
 q - 2 javelins of returning
Armour
 b - a +0 animal skin
 f - a +0 plate armour (worn)
 v - a +0 leather armour
Jewellery
 h - an uncursed ring of fire
 j - a ring of stealth (left hand)
 r - an amulet of the gourmand (around neck)
Wands
 A - a wand of paralysis (12/24)
 B - a wand of flame (23/48)
Scrolls
 p - a scroll of remove curse
 u - 2 scrolls of silence {unknown}
 x - a scroll of teleportation {unknown}
Potions
 d - a potion of brilliance {unknown}
 e - 2 potions of cancellation
 g - a potion of heal wounds
 i - 2 potions of degeneration {unknown}
 o - 2 potions of curing {unknown}
Books
 s - a book of Air

   Spells                             Type                      Level
   a - Shock                          Conjuration/Air              1
   b - Swiftness                      Charms/Air                   2
   c - Repel Missiles                 Charms/Air                   2
   d - Static Discharge               Conjuration/Air              3
   e - Lightning Bolt                 Conjuration/Air              5
   Trog disapproves of the use of such an item.
Comestibles
 c - 4 bread rations
 k - 10 royal jellies
 z - 3 chunks of flesh


   Skills:
 + Level 5.7 Fighting
 + Level 12.2 Axes
 - Level 1.7 Armour
 - Level 1.7 Dodging


You had 8 spell levels left.
You didn't know any spells.

Dungeon Overview and Level Annotations

Branches:
Dungeon (11/15)            Temple (1/1) D:5             Orc (0/2) D:9
   Lair: D:8-11

Altars:
Cheibriados
Dithmenos
Fedhas
Gozag
Kikubaaqudgha
Makhleb
Trog
Vehumet
Zin
The Shining One

Shops:
D:5 *


Innate Abilities, Weirdness & Mutations

You have a pair of antennae on your head.
You are slightly more attuned to the shadows.
Your movements are slightly less encumbered by armour. (ER -2)


Message History

You closely miss the yak.
The yak is severely wounded.
You barely miss the yak. You slash the yak!
The yak is poisoned.
Unknown command.
You hit the yak but do no damage.
The yak looks as sick as possible!
The yak is severely wounded.
You hit the yak.
The yak looks as sick as possible!
You completely miss the yak. The yak gores you!
* * * LOW HITPOINT WARNING * * *
The yak gores you but does no damage.
Unknown command.
You are feeling very hungry.
You slash the yak!
The yak looks as sick as possible!
The yak is almost dead.
You hit the yak but do no damage.
The yak looks as sick as possible!
You slash the yak!
The yak looks as sick as possible!
You kill the yak!
Trog accepts your kill. The yak gores you.
You die...

............. .............#
...[.........#
.................#
.................#
.........YY†.....# #. #....#
#@).....#
.##.##....####.......#
......................
......................
......................
........†.............
..........#####################
#####'####....................
...............................


You could see 2 yaks.

Vanquished Creatures
  A hill giant (D:10)
  Psyche (D:9)
  4 yaks (D:10)
  2 orc warriors
  2 ice beasts
  A phantom (D:6)
  3 ogres
  2 centaurs
  A crocodile (D:10)
  2 big kobolds
  Blork the orc (D:4)
  2 bullfrogs
  A scorpion (D:4)
  2 crimson imps
  5 jellies
  2 hounds
  2 orc priests
  3 iguanas
  7 worker ants
  5 orc wizards
  6 big kobold zombies (Ossuary)
  2 mummies (Ossuary)
  4 adders
  A howler monkey skeleton (D:6)
  A shadow imp (D:6)
  5 oozes (D:8)
  An adder zombie (D:9)
  2 leopard geckos
  23 orcs
  A giant cockroach (D:4)
  A goblin (D:1)
  2 hobgoblins
  A ball python (D:4)
  A frilled lizard (D:2)
  5 gnoll zombies (Ossuary)
  2 jackal skeletons
  A jackal zombie (D:7)
  11 kobolds
  3 orc zombies (Ossuary)
  3 rats (D:1)
125 creatures vanquished.

Notes
Turn   | Place    | Note
-------+----------+-------------------------------------------
     0 | D:1      | brucemayne the Demonspawn Berserker began the quest for the Orb.
     0 | D:1      | Reached XP level 1. HP: 18/18 MP: 1/1
   135 | D:1      | Reached skill level 3 in Axes
   333 | D:2      | Gained mutation: You have a pair of small antennae on your head. [demonic ancestry]
   333 | D:2      | Reached XP level 2. HP: 24/24 MP: 2/2
   435 | D:4      | Reached skill level 4 in Axes
   435 | D:4      | Gained mutation: You are slightly more attuned to the shadows. [demonic ancestry]
   435 | D:4      | Reached XP level 3. HP: 29/29 MP: 3/3
   478 | D:4      | Noticed an ogre
   493 | D:4      | Killed an ogre
   493 | D:4      | Reached skill level 5 in Axes
   493 | D:4      | Reached XP level 4. HP: 33/35 MP: 4/4
   542 | D:4      | Noticed Blork the orc
   550 | D:4      | Gained mutation: Your movements are slightly less encumbered by armour. (ER -2) [demonic ancestry]
   550 | D:4      | Reached XP level 5. HP: 39/41 MP: 5/5
   555 | D:4      | Killed Blork the orc
   555 | D:4      | Reached skill level 6 in Axes
   634 | D:4      | Reached XP level 6. HP: 30/47 MP: 6/6
   688 | D:4      | Found a sand-covered staircase.
   720 | Ossuary  | Entered an ossuary
   746 | Ossuary  | Reached ** piety under Trog
   809 | Ossuary  | Reached skill level 7 in Axes
   948 | D:5      | Entered Level 5 of the Dungeon
   949 | D:5      | Found Qozuu's Assorted Antiques.
   979 | D:5      | Found a staircase to the Ecumenical Temple.
   983 | Temple   | Entered the Ecumenical Temple
  1075 | D:5      | Bought a golden ring for 120 gold pieces
  1075 | D:5      | Bought a runed amethyst amulet for 120 gold pieces
  1164 | D:6      | Found a glowing silver altar of Zin.
  1175 | D:6      | Noticed an orc warrior
  1193 | D:6      | Killed an orc warrior
  1193 | D:6      | Reached XP level 7. HP: 38/52 MP: 7/7
  1275 | D:6      | Reached skill level 8 in Axes
  1398 | D:6      | Found a bloodstained altar of Trog.
  1504 | D:7      | Reached skill level 9 in Axes
  1504 | D:7      | Reached XP level 8. HP: 58/58 MP: 8/8
  1737 | D:8      | Reached skill level 10 in Axes
  2304 | D:10     | Entered Level 10 of the Dungeon
  2382 | D:9      | Reached skill level 11 in Axes
  2382 | D:9      | Gained mutation: You have a pair of antennae on your head. [demonic ancestry]
  2382 | D:9      | Reached XP level 9. HP: 53/63 MP: 9/9
  2425 | D:9      | Found a staircase to the Orcish Mines.
  2436 | D:9      | Noticed Psyche
  2455 | D:9      | Killed Psyche
  2687 | D:10     | Reached *** piety under Trog
  2788 | D:10     | Noticed a hill giant
  2800 | D:10     | Killed a hill giant
  2800 | D:10     | Reached skill level 12 in Axes
  2800 | D:10     | Reached skill level 5 in Fighting
  2804 | D:10     | HP: 3/102 [yak (8)]
  2805 | D:10     | Slain by a yak

Vault maps used:
D:1:      sevenhm_arrival_forest_fort_small_6
D:2:      ecumenical_altar_2, hangedman_abyss_or_decor_stabs
D:3:      first_bread, grunt_decor_one_mirror
D:4:      enter_ossuary_2, serial_shops, nicolae_shop_trees, uniq_blork_the_orc
D:5:      serial_shops, nicolae_shop_trees, uniq_crazy_yiuf_cottage,
          uniq_eustachio
D:6:      lemuel_crystal_altar, grunt_temple_overflow_open
D:7:      uniq_joseph, uniq_prince_ribbit1, uniq_menkaure
D:8:      lair_0_dummy, hangedman_little_slice_of_home
D:9:      orc_0_dummy, serial_shops, shop, mumra_transporter_accident,
          patterned_corridor, uniq_psyche
D:11:     uniq_fannar
Temple:   hc_temple_tempest_star
Ossuary:  minmay_ossuary_gauntlet

Skill      XL: |  1  2  3  4  5  6  7  8  9 |
---------------+----------------------------+-----
Axes           | 3 4 5 6 7 9 11 12 | 12.2
Fighting       | 5 |  5.7
Armour         | |  1.7
Dodging        | |  1.7

Action                   |  1- 3 |  4- 6 |  7- 9 || total
-------------------------+-------+-------+-------++-------
Melee: Hand axe          |    31 |   111 |   348 ||   490
 Fire: Blowgun           |       |       |     6 ||     6
Invok: Berserk           |     3 |     5 |     8 ||    16
       Trog's Hand       |       |     3 |    12 ||    15
  Use: Scroll            |       |     5 |     3 ||     8
       Potion            |       |     1 |     3 ||     4
  Eat: Chunk             |     1 |     7 |    14 ||    22
       Meat ration       |       |       |     1 ||     1
Armor: Plate armour      |     5 |    66 |   142 ||   213
Dodge: Dodged            |    15 |    40 |    81 ||   136
